 Dungeon Crawl Stone Soup version 0.29-a0-284-gf9362112df (webtiles) character file.

Game seed: 1157634600418609533

500 pascalblue the Conjurer (level 6, 0/32 HPs)
             Began as a Deep Elf Conjurer on Mar 15, 2022.
             Was an Initiate of Sif Muna.
             Slain by an ufetubus (3 damage)
             ... on level 4 of the Dungeon.
             The game lasted 00:10:16 (4236 turns).

pascalblue the Conjurer (Deep Elf Conjurer)         Turns: 4236, Time: 00:10:17

Health: 0/32       AC:  5    Str:  4    XL:     6   Next: 94%
Magic:  11/15      EV: 12    Int: 25    God:    Sif Muna [......]
Gold:   112        SH:  0    Dex: 13    Spells: 4/15 levels left

rFire   . . .      SeeInvis +   o - +4 dagger (speed)
rCold   . . .      Faith    .   (no shield)
rNeg    . . .      Spirit   .   a - +0 robe
rPois   .          Reflect  .   (no helmet)
rElec   .          Harm     .   (no cloak)
rCorr   +          Rampage  .   (no gloves)
Will    .....                   h - +2 pair of boots
Stlth   ++........              (no amulet)
HPRegen 0.10/turn               d - ring of resist corrosion
MPRegen 0.14/turn               n - ring of see invisible

@: lethally poisoned (0 -> -8), about to teleport
A: no striking features
a: Renounce Religion


You were on level 4 of the Dungeon.
You worshipped Sif Muna.
Sif Muna was noncommittal.
You visited 2 branches of the dungeon, and saw 6 of its levels.

You collected 112 gold pieces.

Inventory:

Hand Weapons
 l - a +1 dagger
 o - a +4 dagger of speed (weapon)
 p - a +2 antimagic dagger
Missiles
 e - 184 stones
 g - 4 silver boomerangs
 w - 5 poisoned darts
Armour
 a - a +0 robe (worn)
 h - a +2 pair of boots (worn)
 j - a +0 buckler
Jewellery
 d - a ring of resist corrosion (left hand)
 n - a ring of see invisible (right hand)
Wands
 q - a wand of iceblast (6)
 v - a wand of flame (19)
 x - a wand of polymorph (9)
Scrolls
 k - a scroll of teleportation
 r - a scroll of identify
Potions
 b - 2 potions of magic
 c - 2 potions of curing
 f - a potion of attraction {unknown}
 i - 2 potions of brilliance
 m - a potion of degeneration {unknown}
 t - a potion of heal wounds {unknown}
 u - 2 potions of might {unknown}


   Skills:
 - Level 2.4 Dodging
 - Level 2.4 Stealth
 + Level 5.2 Spellcasting
 * Level 6.9 Conjurations
 * Level 4.4 Hexes
 + Level 2.4 Translocations


You had 4 spell levels left.
You knew the following spells:

 Your Spells              Type           Power      Damage    Failure   Level
a - Magic Dart            Conj           100%       1d8       1%          1
b - Searing Ray           Conj           82%        2d7       1%          2
c - Fulminant Prism       Conj/Hex       17%        3d11      8%          4
d - Iskenderun's Mystic   Conj/Tloc      29%        2d7       12%         4

Your spell library contained the following spells:

 Spells                   Type           Power      Damage    Failure   Level
 Dazzling Flash           Conj/Hex       68%        N/A       2%          3
 Animate Skeleton         Necr           12%        N/A       9%          1
 Pain                     Necr           24%        1d5       9%          1
 Vampiric Draining        Necr           6%         2d6       24%         3


Dungeon Overview and Level Annotations

Branches:
Dungeon (5/15)             Temple (1/1) D:4

Altars:
Dithmenos
Elyvilon
Hepliaklqana
Makhleb
Nemelex Xobeh
Ru
Sif Muna
Uskayaw
Wu Jian
Xom
Yredelemnul
The Shining One


Message History

The searing ray hits the water moccasin!
The water moccasin is moderately wounded.
The water moccasin hisses angrily. (Press . to maintain the ray.)
The searing ray hits the water moccasin.
The water moccasin is heavily wounded.
The ufetubus shouts!
The water moccasin bites you but does no damage.
The searing ray misses the water moccasin.
The water moccasin bites you.
You are poisoned.
The water moccasin poisons you! The water moccasin bites you.
You are lethally poisoned!
The water moccasin poisons you!
The searing ray hits the water moccasin.
The water moccasin is heavily wounded.
You finish channelling your searing ray.
You feel extremely sick. The water moccasin barely misses you.
The quokka closely misses you.
You feel very sick. The ufetubus hits you. The ufetubus barely misses you.
The water moccasin completely misses you.
The quokka completely misses you. The ufetubus barely misses you.
The ufetubus hits you but does no damage.
You climb upwards.
* * * LOW HITPOINT WARNING * * *
You feel very sick.
There is a stone staircase leading down here.
You feel better. The water moccasin closely misses you.
The ufetubus barely misses you. The ufetubus closely misses you.
The quokka closely misses you. The water moccasin bites you!
* * * LOW HITPOINT WARNING * * *
You are lethally poisoned!
The water moccasin poisons you!
As you read the scroll of teleportation, it crumbles to dust.
You feel strangely unstable.
* * * LOW HITPOINT WARNING * * *
You feel very sick. The ufetubus hits you.
You die...

#.#.# ######.##......# #.#
#.#.###### #.##......# #.#
#.#.##...# #..##'##### #.#
..#.##...# ##.##.# #####.#
..#.##...####..#.# #.....#
.##.##......##.#.###.#####
.##'##...................#
...............rS........# ###
................@5.......# #<#
#........###.............#####.#
#......### ##...#######........#
#......# #.### #.########
#......# #.# #.# #......# #.#
#.# ######## #.# #.# #.# #.#
#.#########.#


You could see a water moccasin, an ufetubus and a quokka.

Vanquished Creatures
  A black bear (D:4)
  An ogre (D:4)
  A phantom (D:4)
  A hound (D:4)
  A jelly (D:4)
  An orc priest (D:4)
  Jessica (D:3)
  Ijyb (D:4)
  4 adders
  A dart slug (D:2)
  7 endoplasms
  6 giant cockroaches
  5 goblins
  6 hobgoblins
  2 kobolds
  6 quokkas
  4 ball pythons
  8 bats
  4 frilled lizards
  4 rats
65 creatures vanquished.

Notes
Turn   | Place    | Note
-------+----------+-------------------------------------------
     0 | D:1      | pascalblue the Deep Elf Conjurer began the quest for the
                  | Orb.
     0 | D:1      | Reached XP level 1. HP: 10/10 MP: 6/6
   295 | D:1      | Reached XP level 2. HP: 15/15 MP: 0/8
   303 | D:1      | Learned a level 2 spell: Searing Ray
   479 | D:1      | You fall into a shaft and drop 1 floor!
   530 | D:2      | Found a faded altar of an unknown god.
   722 | D:1      | Reached skill level 5 in Conjurations
   831 | D:2      | Reached XP level 3. HP: 19/19 MP: 5/10
  1490 | D:2      | Reached XP level 4. HP: 24/24 MP: 9/12
  1495 | D:2      | Learned a level 4 spell: Fulminant Prism
  1500 | D:2      | Learned a level 4 spell: Iskenderun's Mystic Blast
  2296 | D:3      | Noticed Jessica
  2299 | D:3      | Killed Jessica
  2300 | D:3      | Reached skill level 1 in Hexes
  2789 | D:4      | Reached skill level 6 in Conjurations
  2789 | D:4      | Reached skill level 1 in Translocations
  2789 | D:4      | Reached XP level 5. HP: 28/28 MP: 5/13
  3012 | D:4      | Noticed Ijyb
  3025 | D:4      | Killed Ijyb
  3221 | D:4      | Noticed an ogre
  3229 | D:4      | Killed an ogre
  3230 | D:4      | Reached XP level 6. HP: 32/32 MP: 8/15
  3462 | D:4      | Reached skill level 5 in Spellcasting
  3741 | D:4      | Found a staircase to the Ecumenical Temple.
  4023 | Temple   | Entered the Ecumenical Temple
  4165 | Temple   | Became a worshipper of Sif Muna the Loreminder
  4227 | D:5      | Entered Level 5 of the Dungeon
  4227 | D:5      | Noticed a water moccasin
  4236 | D:4      | Slain by an ufetubus

Illustrated notes

Levels and vault maps discovered:
D:1:      dpeg_arrival_ternary, layout_rooms, hangedman_decor_riveting
D:2:      layout_loops_cross, shapermc_ecumenical_altar_gd,
          minmay_quadrilaterals
D:3:      layout_basic, bh_walls_and_bars, uniq_jessica
D:4:      layout_basic, minmay_temple_entry_proselytizer, uniq_ijyb
D:5:      layout_rooms, nicolae_ossuary_entry_ruins, minmay_misc_feat_tower,
          uniq_sigmund, uniq_edmund
Temple:   roderic_octagonal_lattice_temple

Skill      XL: |  1  2  3  4  5  6 |
---------------+-------------------+-----
Conjurations   | 5 6 |  6.9
Spellcasting   | 4 5 |  5.2
Hexes          | 2 3 4 |  4.4
Translocations | 1 2 |  2.4
Dodging        | |  2.4
Stealth        | |  2.4

Action                   |  1- 3 |  4- 6 || total
-------------------------+-------+-------++-------
Melee: Dagger            |       |     6 ||     6
 Cast: Magic Dart        |    62 |    53 ||   115
       Searing Ray       |     1 |    13 ||    14
  Use: Scroll            |     6 |     7 ||    13
       Potion            |       |     1 ||     1
Armor: Robe              |     1 |     6 ||     7
Dodge: Dodged            |     2 |    16 ||    18

Table legend: (Time is in decaauts)
 A = Elapsed time spent in this place.
 B = Non-inter-level travel time spent in this place.
 C = Inter-level travel time spent in this place.
 D = Time resting spent in this place.
 E = Time spent auto-exploring this place.
 F = Levels seen in this place.
 G = Mean time per level.
                   A        B        C        D        E       F      G
               +--------+--------+--------+--------+--------+-----+--------+
         Total |   4233 |   3997 |    236 |    211 |   3353 |   6 |  705.5 |
       Dungeon |   4073 |   3856 |    217 |    211 |   3227 |   5 |  814.6 |
        Temple |    160 |    142 |     18 |      0 |    126 |   1 |  160.0 |
               +--------+--------+--------+--------+--------+-----+--------+

Top non-repeatable levels by time:
     D:4: 1360 daAuts
     D:2: 1063 daAuts
     D:3: 1006 daAuts
     D:1: 636 daAuts
  Temple: 160 daAuts
     D:5: 6 daAuts
